AoeStats
← jorge_apoc25

Arabia

509808655Analyzed
1v1 RM · 4d ago on Sep 28, 2026· 44m 8s· 2 players
Game mode
Random Map
Map size
Tiny (2 player)
Population
200
Speed
Normal
Resources
Standard
Victory
Conquest
Starting age
Dark Age
Ending age
Imperial Age
RankedLock teamsTeams togetherTeam positionsShared explorationLock speedFull tech treeHidden civsTurbo modeCheats
Victory
Defeat
🇹🇼 Vietnamese · Taiwan
1189
+16
🇲🇽 Khmer · Mexico
1194
-16
elecfan
6:15 Loom
9:05 Feudal Age
9:52 Double-Bit Axe
10:51 Wheelbarrow
20:14 Castle Age
18:49 Fletching
19:07 Gold Mining
20:52 Crossbowman
21:07 Pikeman
22:24 Bow Saw
25:27 Town Watch
26:39 Hand Cart
28:32 Bodkin Arrow
29:07 Man-at-Arms
31:16 Scale Mail Armor
31:17 Padded Archer Armor
31:23 Thumb Ring
32:45 Forging
32:38 Squires
33:36 Bloodlines
32:48 Light Cavalry
34:40 Chain Mail Armor
34:33 Husbandry
38:28 Imperial Age
37:48 Iron Casting
37:19 Scale Barding Armor
38:17 Stone Mining
38:11 Horse Collar
39:02 Ballistics
39:01 Leather Archer Armor
38:09 Elite Skirmisher
40:25 Chemistry
39:58 Siege Engineers
40:33 Arbalester
41:57 Onager
44:36 Guilds
jorge_apoc25
10:02 Feudal Age
8:38 Loom
14:48 Double-Bit Axe
17:45 Horse Collar
21:44 Castle Age
19:56 Stone Mining
21:33 Bloodlines
22:20 Light Cavalry
23:01 Husbandry
26:47 Forging
27:29 Scale Barding Armor
31:19 Heavy Plow
36:53 Iron Casting
37:32 Wheelbarrow
37:05 Gold Mining
41:21 Imperial Age
40:05 Chain Barding Armor
43:22 Conscription
43:50 Plate Barding Armor
44:19 Hand Cart
Connection lost

Rejoining the realm…

Still unreachable

The connection could not be restored.

Session expired

The server has moved on; the page needs a fresh start.